Map: Hardwire LE

Players

NetMecH

  • Race: Terran Terran
  • League: Master

Heisenzerg - Winner!

  • Race: Zerg Zerg
  • League: Grandmaster

VOD

Have the link to the VOD?

Description

Time

  • Played on: Feb. 17, 2022, 5:14 p.m.
  • Length: 9:34
Show
View Real Time Build Order
Export as new Build Order

NetMecH Terran 

Build Orders: Mech 

Get SALT Encoding   

  12  0:00  SCV  
  13  0:12  SCV  
  14  0:17  Supply Depot  
  14  0:25  SCV  
  15  0:38  SCV  
  15  0:40  Barracks  
  16  0:47  Refinery  
  16  0:51  SCV  
  17  1:03  SCV  
  18  1:15  SCV  
  19  1:27  Orbital Command, Marine  
  20  1:39  Command Center  
  20  1:45  Marine  
  21  1:54  SCV  
  22  1:55  Supply Depot  
  22  2:06  SCV  
  23  2:17  Factory  
  23  2:18  SCV  
  24  2:30  SCV  
  24  2:34  Command Center  
  25  2:42  SCV  
  25  2:43  Marine  
  27  2:51  Refinery  
  27  2:54  Orbital Command, SCV  
  28  3:06  SCV  
  27  3:16  Marine  
  27  3:18  SCV  
  29  3:20  SCV  
  29  3:23  Hellion  
  32  3:28  Bunker  
  32  3:33  SCV  
  33  3:34  Reaper  
  34  3:45  Factory Tech Lab  
  34  3:46  Orbital Command  
  34  3:48  SCV, Factory  
  35  4:01  SCV  
  36  4:05  Factory  
  36  4:12  Orbital Command  
  36  4:13  SCV, Cyclone  
  40  4:18  Barracks Reactor  
  40  4:31  SCV  
  40  4:38  Hellion  
  42  4:44  Orbital Command, SCV  
  42  4:45  Cyclone  
  44  4:55  Engineering Bay, SCV  
  44  4:57  Infernal Pre-Igniter, Command Center  
  44  4:59  SCV  
  46  5:03  Hellion x2  
  46  5:05  Factory Tech Lab  
  50  5:11  SCV  
  50  5:13  SCV  
  52  5:15  SCV  
  56  5:21  Siege Tank  
  56  5:22  Supply Depot  
  56  5:24  SCV, Hellion  
  56  5:25  SCV  
  56  5:27  SCV  
  61  5:32  Supply Depot, Hellion  
  63  5:36  SCV  
  63  5:37  Hellion  
  63  5:42  SCV x2  
  68  5:48  SCV  
  69  5:50  Refinery  
  69  5:52  Refinery  
  69  5:53  Siege Tank  
  69  5:54  SCV x2  
  69  5:56  Armory  
  74  6:00  Missile Turret, SCV  
  75  6:04  Missile Turret  
  75  6:05  Missile Turret  
  75  6:06  SCV  
  75  6:08  SCV, Hellion  
  75  6:09  Orbital Command  
  79  6:12  SCV  
  81  6:18  SCV  
  81  6:20  SCV  
  81  6:21  Hellion  
  81  6:24  Hellion  
  86  6:25  SCV  
  86  6:32  Hellion  
  87  6:39  Hellion  
  85  6:45  Orbital Command  
  85  6:48  Terran Vehicle Weapons Level 1, Command Center  
  85  6:49  Factory  
  85  6:54  Hellion  
  85  6:55  SCV  
  85  6:56  Hellion  
  85  6:59  SCV  
  91  7:05  Hellion  
  91  7:08  SCV  
  94  7:12  Hellion  
  94  7:13  Missile Turret  
  96  7:16  Hellion  
  96  7:17  Refinery, Hellion  
  96  7:19  Refinery  
  100  7:22  Supply Depot  
  100  7:23  SCV x2  
  100  7:24  Supply Depot  
  100  7:27  Hellion  
  100  7:28  SCV x2  
  106  7:35  Starport  
  106  7:36  Factory Tech Lab  
  106  7:41  Supply Depot, SCV  
  106  7:44  Supply Depot  
  107  7:45  Armory  
  107  7:48  Thor  
  107  7:50  Hellion  
  115  7:52  SCV x2  
  115  7:58  SCV  
  118  7:59  Siege Tank, Hellion  
  118  8:04  Thor  
  129  8:09  Missile Turret  
  129  8:11  Smart Servos  
  129  8:16  SCV  
  130  8:24  Sensor Tower  
  130  8:29  Refinery  
  130  8:31  Siege Tank, Hellion  
  130  8:32  Siege Tank  
  130  8:33  Refinery  
  138  8:35  Supply Depot  
  137  8:43  Planetary Fortress  
  137  8:47  Thor  
  143  8:51  Medivac  
  143  8:52  Hellion  
  143  8:55  SCV  
  148  8:56  Hellion  
  148  8:58  SCV  
  148  9:00  SCV  
Show
View Real Time Build Order
Export as new Build Order

Heisenzerg Zerg - Winner!

Build Orders: Hatch First, Swarm Host 

Get SALT Encoding   

  12  0:00  Drone  
  13  0:12  Overlord  
  13  0:19  Drone  
  14  0:32  Drone x2  
  16  0:48  Hatchery  
  15  0:51  Drone  
  15  0:56  Drone  
  17  0:59  Drone  
  18  1:11  Extractor  
  17  1:14  Spawning Pool  
  17  1:17  Drone  
  17  1:21  Drone  
  18  1:27  Drone  
  19  1:40  Drone  
  20  1:49  Drone  
  21  2:01  Queen x2  
  23  2:02  Zergling x4  
  27  2:10  Overlord  
  27  2:13  Drone  
  28  2:22  Hatchery  
  27  2:25  Drone  
  27  2:29  Metabolic Boost  
  28  2:33  Drone  
  28  2:37  Drone  
  30  2:42  Overlord  
  30  2:47  Queen  
  30  2:49  Drone  
  33  2:54  Drone x2  
  35  3:02  Overlord  
  35  3:09  Drone x2  
  36  3:16  Zergling x2  
  36  3:18  Drone x3  
  39  3:25  Queen  
  41  3:28  Drone x2  
  43  3:37  Zergling x6  
  46  3:43  Zergling x6  
  46  3:46  Zergling x4  
  51  3:51  Queen  
  51  3:53  Overlord  
  53  3:59  Drone x5  
  58  4:07  Overlord x2  
  58  4:12  Drone, Lair  
  59  4:20  Drone x5  
  64  4:24  Overlord  
  64  4:30  Overlord  
  64  4:32  Drone x4  
  68  4:41  Overlord  
  68  4:42  Drone x4  
  68  4:45  Drone, Baneling Nest  
  72  4:48  Drone  
  72  4:55  Drone x2  
  74  5:02  Drone x4  
  74  5:03  Drone x3  
  74  5:05  Overlord  
  81  5:10  Hatchery  
  81  5:12  Extractor  
  81  5:13  Extractor  
  79  5:14  Drone x2, Roach Warren  
  79  5:17  Evolution Chamber x2  
  79  5:19  Drone x4  
  81  5:22  Extractor  
  81  5:23  Drone x2, Extractor  
  81  5:29  Drone x4  
  81  5:35  Drone x2  
  87  5:42  Overlord  
  86  5:44  Centrifugal Hooks  
  86  5:50  Zergling x2  
  86  5:51  Zergling x10  
  92  5:57  Zerg Melee Weapons Level 1  
  92  5:58  Zerg Missile Weapons Level 1  
  92  6:00  Glial Reconstitution  
  92  6:02  Overlord  
  92  6:04  Roach x2, Extractor  
  92  6:09  Overlord x2  
  95  6:15  Roach x5  
  105  6:25  Roach x4, Zergling x4  
  109  6:33  Roach x2, Zergling x4  
  109  6:39  Hatchery  
  109  6:44  Drone  
  109  6:45  Drone x8  
  118  6:52  Infestation Pit  
  117  6:54  Drone  
  117  6:55  Drone x5  
  117  7:00  Overlord  
  122  7:10  Overlord x3  
  122  7:11  Overlord  
  122  7:16  Drone x4  
  122  7:17  Drone x2  
  122  7:19  Spore Crawler  
  122  7:20  Spine Crawler  
  122  7:21  Drone x4, Spine Crawler  
  129  7:31  Drone x3  
  132  7:39  Queen  
  132  7:41  Extractor  
  132  7:42  Extractor  
  132  7:43  Swarm Host  
  132  7:44  Swarm Host x7, Spine Crawler x2  
  131  7:45  Hatchery  
  131  7:47  Overseer  
  153  7:58  Swarm Host x8  
  153  8:03  Zergling x2  
  153  8:04  Zergling x6  
  180  8:16  Zergling x16  
  180  8:17  Overlord  
  188  8:23  Zergling x2  
  189  8:32  Overlord x2  
  189  8:35  Overlord x2  
  189  8:37  Ravager x4  
  189  8:38  Ravager x2  
  189  8:39  Baneling x9  
  189  8:40  Baneling  
  189  8:41  Baneling  
  195  8:48  Extractor  
  194  8:50  Extractor  
  194  8:53  Baneling x11  
  193  9:01  Zergling x2  
  193  9:02  Zergling x12  
  200  9:16  Zergling x10  
Tags
 
Add a new tag
Caveats
  • Supply blocks, unpowered buildings, or Contaminate may cause inaccurate times.
  • Supply counts are checked every 10 seconds.